 Dungeon Crawl Stone Soup version 0.22.1-1-ga44c0e5 (webtiles) character file.

256 Fang the Chopper (level 6, -7/38 HPs)
             Began as a Gargoyle Berserker on Sept 21, 2018.
             Was a Priest of Trog.
             Mangled by Edmund
             ... wielding a +1 dire flail of protection
              (8 damage)
             ... on level 4 of the Dungeon.
             The game lasted 00:02:34 (2920 turns).

Fang the Chopper (Gargoyle Berserker)               Turns: 2920, Time: 00:02:34

Health: -7/38      AC:  6    Str: 23    XL:     6   Next: 16%
Magic:  6/6        EV: 12    Int:  7    God:    Trog [***...]
Gold:   209        SH:  0    Dex:  9    Spells: 5/5 levels left

rFire    . . .     SeeInvis .   a - +0 hand axe
rCold    . . .     Gourm    .   (no shield)
rNeg     + + .     Faith    .   b - +0 animal skin
rPois    ∞         Spirit   .   (no helmet)
rElec    +         Reflect  .   (no cloak)
rCorr    .         Harm     .   (no gloves)
MR       .....                  (no boots)
Stlth    +.........             (no amulet)
HPRegen  0.12/turn              m - ring of positive energy
MPRegen  0.10/turn              (no ring)

@: berserk cooldown, starving, slowed, very slow
A: negative energy resistance 1, electricity resistance, unbreathing,
petrification resistance, rot immunity, AC +4
a: Berserk, Trog's Hand, Renounce Religion


You were on level 4 of the Dungeon.
You worshipped Trog.
Trog was most pleased with you.
You were starving.

You visited 1 branch of the dungeon, and saw 4 of its levels.

You collected 209 gold pieces.

Inventory:

Hand Weapons
 a - a +0 hand axe (weapon)
Armour
 b - a +0 animal skin (worn)
Jewellery
 m - a ring of positive energy (left hand)
 o - an uncursed ring of wizardry {unknown}
 q - an uncursed ring of wizardry {unknown}
 v - a +3 ring of dexterity {unknown}
Scrolls
 f - a scroll of noise {unknown}
 g - a scroll of blinking {unknown}
 j - 4 scrolls of identify {unknown}
 k - 2 scrolls of enchant armour {unknown}
 n - a scroll of teleportation {unknown}
 p - a scroll of remove curse {unknown}
 r - a scroll of immolation {unknown}
Potions
 d - a potion of flight {unknown}
 e - 2 potions of degeneration {unknown}
 h - 2 potions of haste {unknown}
 i - a potion of agility {unknown}
 l - a potion of might {unknown}
 s - a potion of heal wounds {unknown}
 t - a potion of experience {unknown}
 u - a potion of berserk rage {unknown}
 w - a potion of curing {unknown}
Comestibles
 c - 9 rations


   Skills:
 + Level 4.2 Fighting
 + Level 4.9 Axes
 + Level 2.2 Armour
 + Level 2.7 Dodging
 + Level 0.8 Stealth


You had 5 spell levels left.
You didn't know any spells.
Your spell library was empty.

Dungeon Overview and Level Annotations

Branches:
Dungeon (4/15)
 Temple: D:4-7

Altars:
Ashenzari
Makhleb
Nemelex Xobeh
Okawaru
Uskayaw
Vehumet

Shops:
D:4 [

Annotations:
D:4 Edmund


Innate Abilities, Weirdness & Mutations

You are resistant to torment.
Your stone body is resilient. (AC +4)
You are immune to poison.
You resist negative energy. (rN+)
You are resistant to electric shocks. (rElec)
You can survive without breathing.
You are immune to petrification.
You are immune to rotting.


Message History

Edmund is severely wounded.
Edmund closely misses you.
You hit Edmund but do no damage.
Edmund is severely wounded.
Edmund says, "People accused me of being a cutpurse!"
Edmund hits you but does no damage.
You hit Edmund.
Edmund is severely wounded.
Edmund barely misses you.
Edmund hits you with a dire flail of protection!
* * * LOW HITPOINT WARNING * * *
You completely miss Edmund.
Edmund is severely wounded.
Edmund misses you.
You closely miss Edmund.
Edmund is severely wounded.
Edmund hits you with a dire flail of protection.
* * * LOW HITPOINT WARNING * * *
Edmund hits you with a dire flail of protection!
You die...

#..$[.. #..... #..... .#
#.... ...##....
#......############
#.....@#..........#
#....[@#..........#
#.......'..........#
........#....###...#
#########....###...###+#
#............+...
#............#...
#............#...
##..##.##..###...
#..#####..###...


You could see Edmund.

Vanquished Creatures
  2 hounds
  A centaur skeleton (D:4)
  A bullfrog skeleton (D:4)
  Ijyb (D:4)
  3 adders
  2 worms
  2 dart slugs
  A leopard gecko (D:4)
  An orc (D:4)
  5 ball pythons
  3 giant cockroaches
  11 goblins
  9 hobgoblins
  7 jackals
  7 kobolds
  A quokka (D:2)
  7 bats
  2 frilled lizards
  14 rats
80 creatures vanquished.

Notes
Turn   | Place    | Note
-------+----------+-------------------------------------------
     0 | D:1      | Fang the Gargoyle Berserker began the quest for the Orb.
     0 | D:1      | Reached XP level 1. HP: 14/14 MP: 1/1
    62 | D:1      | Reached XP level 2. HP: 14/19 MP: 2/2
   361 | D:1      | Reached ** piety under Trog
   361 | D:1      | Reached XP level 3. HP: 22/23 MP: 3/3
  1040 | D:2      | Found a sparkling altar of Nemelex Xobeh.
  1048 | D:2      | Reached XP level 4. HP: 15/29 MP: 4/4
  1956 | D:2      | Found an iron altar of Okawaru.
  1957 | D:2      | Found a hide-covered altar of Uskayaw.
  1970 | D:2      | Reached XP level 5. HP: 33/33 MP: 5/5
  2136 | D:3      | Found a radiant altar of Vehumet.
  2181 | D:3      | Found a shattered altar of Ashenzari.
  2215 | D:3      | Found a burning altar of Makhleb.
  2283 | D:3      | Reached *** piety under Trog
  2617 | D:4      | Found Wiguf's Antique Armour Shoppe.
  2884 | D:4      | Noticed Ijyb
  2886 | D:4      | Noticed Edmund
  2896 | D:4      | Reached XP level 6. HP: 38/38 MP: 6/6
  2899 | D:4      | Killed Ijyb
  2918 | D:4      | HP: 1/38 [Edmund/dire flail of protection (9)]
  2920 | D:4      | Mangled by Edmund

Skill      XL: |  1  2  3  4  5 |
---------------+----------------+-----
Axes           | 3 4 |  4.9
Dodging        | 2 |  2.7
Fighting       | 4 |  4.2
Armour         | |  2.2
Stealth        | |  0.8

Action                   |  1- 3 |  4- 6 || total
-------------------------+-------+-------++-------
Melee: Hand axe          |   116 |   170 ||   286
Invok: Berserk           |     1 |     3 ||     4
  Eat: Chunk             |     1 |     4 ||     5
       Ration            |       |     1 ||     1
Armor: Animal skin       |    45 |    53 ||    98
       Skin              |       |    25 ||    25
Dodge: Dodged            |    88 |   134 ||   222
